 Dungeon Crawl Stone Soup version 0.29-a0-360-g8ed1089bbe (webtiles) character file.

Game seed: 7671182624627787603

110 Shayle the Sneak (level 4, -3/27 HPs)
             Began as a Tengu Brigand on Apr 28, 2022.
             Slain by an iguana (10 damage)
             ... on level 4 of the Dungeon.
             The game lasted 00:07:14 (1937 turns).

Shayle the Sneak (Tengu Brigand)                    Turns: 1937, Time: 00:07:15

Health: -3/27      AC: 10    Str: 11    XL:     4   Next: 91%
Magic:  6/6        EV:  5    Int: 13    God:
Gold:   58         SH:  0    Dex: 22    Spells: 5/5 levels left

rFire   . . .      SeeInvis .   a - +2 dagger
rCold   . . .      Faith    .   (no shield)
rNeg    . . .      Spirit   .   o - +1 chain mail "Baqechup" {+Blink}
rPois   .          Reflect  .   (helmet restricted)
rElec   .          Harm     .   c - +0 cloak
rCorr   .          Rampage  .   (no gloves)
Will    .....                   (boots unavailable)
Stlth   ..........              (no amulet)
HPRegen 0.09/turn               j - +6 ring of dexterity
MPRegen 0.10/turn               (no ring)

@: no status effects
A: beak, talons 3
a: Evoke Blink


You were on level 4 of the Dungeon.
You visited 1 branch of the dungeon, and saw 5 of its levels.

You collected 58 gold pieces.

Inventory:

Hand Weapons
 a - a +2 dagger (weapon)
Missiles
 d - 9 poisoned darts (quivered)
 e - 3 curare-tipped darts
Armour
 b - a +0 robe
 c - a +0 cloak (worn)
 o - the +1 chain mail "Baqechup" (worn) {+Blink}
   (You found it on level 2 of the Dungeon)

   +Blink:    It lets you blink.
Jewellery
 j - a +6 ring of dexterity (left hand)
Scrolls
 f - 3 scrolls of identify {unknown}
 g - a scroll of amnesia {unknown}
 k - a scroll of fear {unknown}
 l - a scroll of silence {unknown}
 m - a scroll of noise {unknown}
Potions
 h - a potion of flight {unknown}
 i - 2 potions of attraction {unknown}
 n - a potion of ambrosia {unknown}
 p - a potion of magic {unknown}
 q - 2 potions of curing {unknown}


   Skills:
 + Level 2.8 Fighting
 - Level 2.5 Short Blades
 - Level 2.3 Throwing
 + Level 2.5 Dodging
 + Level 4.6 Stealth
 + Level 1.2 Spellcasting


You had 5 spell levels left.
You didn't know any spells.
Your spell library contained the following spells:

 Spells                   Type           Power      Damage    Failure   Level
 Shock                    Conj/Air       0%         1d3       100%        1
 Swiftness                Air            0%         N/A       100%        3
 Airstrike                Air            0%         N/A       100%        4


Dungeon Overview and Level Annotations

Branches:
Dungeon (5/15)
 Temple: D:4-7

Altars:
Makhleb

Shops:
D:2 [


Innate Abilities, Weirdness & Mutations

You have a beak for a mouth.
You have claws for feet.


Message History

You slide downwards.
The hatch slams shut behind you.
You hit the adder. Your peck misses the adder.
The adder is heavily wounded.
The adder bites you but does no damage.
You hit the adder. You claw the adder.
You kill the adder!
Found a leather armour and a scale mail.
You see here a +0 leather armour.
Found a stone staircase leading up.
Found a book of Air.
Found a stone staircase leading down.
You pick up a book of Air and begin reading...
You add the spells Shock, Swiftness and Airstrike to your library.
Found a stone staircase leading down.
There is a stone staircase leading up here.
You climb upwards.
Found a scroll labelled ISUSTROAMAL.
Found a stone staircase leading down.
There is a stone staircase leading down here.
You hit the iguana but do no damage. You claw the iguana, but do no damage.
The iguana bites you.
You hit the iguana. Your kick misses the iguana. Your peck misses the iguana.
The iguana is moderately wounded.
The iguana bites you.
You hit the iguana. Your peck misses the iguana.
The iguana is heavily wounded.
You hit the iguana. You claw the iguana, but do no damage.
Your peck misses the iguana. You punch the iguana, but do no damage.
The iguana is severely wounded.
The iguana bites you.
You barely miss the iguana.
The iguana is severely wounded.
The iguana bites you!
You hit the iguana. You peck the iguana, but do no damage.
The iguana is almost dead.
The iguana bites you.
* * * LOW HITPOINT WARNING * * *
You hit the iguana but do no damage.
The iguana is almost dead.
The iguana bites you!
You die...

# .... ##. ##... .
....#...# ≈. ...#...#
.≈. #.....## ..≈≈
#......#.....
#........# #..@....#
#....l.......
##..........#
#..........#
####...>....
#......?######<
#.......#......## ..#
................#
#..##...............##


You could see an iguana.

Vanquished Creatures
  A jelly (D:4)
  2 adders
  A worm (D:2)
  3 dart slugs
  An orc (D:4)
  4 bats (D:1)
  8 endoplasms
  4 giant cockroaches
  8 goblins
  3 hobgoblins (D:1)
  2 quokkas (D:2)
  2 ball pythons (D:1)
  3 frilled lizards
  2 kobolds (D:2)
  4 rats
48 creatures vanquished.

Notes
Turn   | Place    | Note
-------+----------+-------------------------------------------
     0 | D:1      | Shayle the Tengu Brigand began the quest for the Orb.
     0 | D:1      | Reached XP level 1. HP: 12/12 MP: 2/2
   213 | D:1      | Reached XP level 2. HP: 17/17 MP: 3/3
   250 | D:1      | Found a faded altar of an unknown god.
   762 | D:2      | Found Wetuan's Armour Shop.
   779 | D:2      | Reached XP level 3. HP: 22/22 MP: 4/4
  1014 | D:2      | Identified the +1 chain mail "Baqechup" {+Blink}
  1588 | D:3      | Reached XP level 4. HP: 26/27 MP: 4/6
  1639 | D:3      | Found a burning altar of Makhleb.
  1654 | D:3      | Noticed an ogre
  1720 | D:4      | Reached skill level 1 in Spellcasting
  1913 | D:5      | Entered Level 5 of the Dungeon
  1937 | D:4      | Slain by an iguana

Illustrated notes

Levels and vault maps discovered:
D:1:      wander_arrival_fairy_ring, layout_loops_ring,
          chequers_ecumenical_altar_island
D:2:      minmay_chambers_of_twos, layout_basic, serial_shops,
          nicolae_shop_stone
D:3:      layout_loops_ring, mainiacjoe_overflow_tiny_flanked, serial_shops,
          shop, minmay_ogre_servants
D:4:      layout_cave_pools, mainiacjoe_overflow_brackets, uniq_ijyb
D:5:      layout_loops_ring, minmay_temple_entry_statues_pillars, uniq_sigmund,
          uniq_menkaure, uniq_duvessa

Skill      XL: |  1  2  3  4 |
---------------+-------------+-----
Dodging        | 2 |  2.5
Spellcasting   | 1 |  1.2
Fighting       | |  2.8
Short Blades   | |  2.5
Throwing       | |  2.3
Stealth        | |  4.6

Action                   |  1- 3 |  4- 6 || total
-------------------------+-------+-------++-------
Melee: Dagger            |    68 |    30 ||    98
       Kick              |    21 |     7 ||    28
       Peck              |    12 |     6 ||    18
       Punch             |       |     1 ||     1
 Stab: Sleeping          |     7 |       ||     7
Armor: Robe              |    11 |       ||    11
       Chain mail        |    15 |    22 ||    37
Dodge: Dodged            |    23 |     3 ||    26

Table legend: (Time is in decaauts)
 A = Elapsed time spent in this place.
 B = Non-inter-level travel time spent in this place.
 C = Inter-level travel time spent in this place.
 D = Time resting spent in this place.
 E = Time spent auto-exploring this place.
 F = Levels seen in this place.
 G = Mean time per level.
                   A        B        C        D        E       F      G
               +--------+--------+--------+--------+--------+-----+--------+
         Total |   1928 |   1897 |     31 |    128 |   1303 |   5 |  385.6 |
       Dungeon |   1928 |   1897 |     31 |    128 |   1303 |   5 |  385.6 |
               +--------+--------+--------+--------+--------+-----+--------+

Top non-repeatable levels by time:
     D:2: 816 daAuts
     D:1: 673 daAuts
     D:4: 216 daAuts
     D:3: 205 daAuts
     D:5: 16 daAuts
